 Dungeon Crawl Stone Soup version 0.24-a0-22-g2a401c0 (console) character file.

Game seed: 10706474564885442474

6 Duffy the Chopper (level 1, -1/19 HPs)
             Began as a Naga Gladiator on Feb 1, 2019.
             Slain by a phantom (5 damage)
             ... on level 4 of the Dungeon.
             The game lasted 00:00:23 (547 turns).

Duffy the Chopper (Naga Gladiator)                   Turns: 547, Time: 00:00:24

Health: -1/19      AC:  2    Str: 14    XL:     1   Next: 90%
Magic:  1/1        EV: 10    Int:  8    God:
Gold:   22         SH:  0    Dex: 12    Spells: 0/0 levels left

rFire    . . .     SeeInvis +   a - +0 war axe
rCold    . . .     Gourm    .   (no shield)
rNeg     . . .     Faith    .   b - +0 leather armour
rPois    +         Spirit   .   c - +0 helmet
rElec    .         Reflect  .   (no cloak)
rCorr    .         Harm     .   (no gloves)
MR       .....                  (no barding)
Stlth    +.........             (no amulet)
HPRegen  0.06/turn              j - -2 ring of strength (curse)
MPRegen  0.07/turn              (no ring)

@: about to teleport, very slow
A: large, see invisible, deformed body, poison resistance, slowness 2, slow
metabolism 1, spit poison 1, AC +0
a: Spit Poison


You were on level 4 of the Dungeon.
You were not hungry.

You visited 1 branch of the dungeon, and saw 3 of its levels.

You collected 22 gold pieces.

Inventory:

Hand Weapons
 a - a +0 war axe (weapon)
Missiles
 d - 3 throwing nets (quivered)
Armour
 b - a +0 leather armour (worn)
 c - a +0 helmet (worn)
Jewellery
 j - a cursed -2 ring of strength (left hand)
Scrolls
 i - 2 scrolls of noise
Comestibles
 f - a ration


   Skills:
 - Level 2.0 Fighting
 + Level 3.4 Axes
 - Level 1.7 Throwing
 - Level 2.4 Dodging


You couldn't memorise any spells.
You didn't know any spells.
Your spell library was empty.

Dungeon Overview and Level Annotations

Branches:
Dungeon (2/15)

Altars:


Innate Abilities, Weirdness & Mutations

You cannot wear boots.
Your serpentine skin is tough. (AC +0)
You have supernaturally acute eyesight. (SInv)
Armour fits poorly on your strangely shaped body.
Your system is resistant to poisons. (rPois)
You cover ground very slowly.
You have a slow metabolism.
You can spit poison.


Message History

You are too injured to fight recklessly!
You are too injured to fight recklessly!
You are too injured to fight recklessly!
You are too injured to fight recklessly!
You are too injured to fight recklessly!
You are too injured to fight recklessly!
You are too injured to fight recklessly!
You are too injured to fight recklessly!
You are too injured to fight recklessly!
You aren't carrying any potions.
As you read the scroll labeled IGGANE ZIHIAHU, it crumbles to dust.
You hear a loud clanging noise!
It was a scroll of noise.
As you read the scroll labeled IRRASTR REAR, it crumbles to dust.
The scroll dissolves into smoke.
It was a scroll of fog.
The phantom closely misses you.
As you read the scroll labeled FEOLAPN WUNOEWN, it crumbles to dust.
You feel strangely unstable.
It was a scroll of teleportation.
The phantom hits you.
You die...

#######
#000..#####
#000.......
#@W0..#####
#000..#
#.00.......
###.#.##..#
#.#.# .#
..... .
#.##.. ..#
.!. ... ...


You could see a phantom.

Vanquished Creatures
  2 goblins
  A hobgoblin (D:2)
  A bat (D:2)
  2 frilled lizards (D:1)
6 creatures vanquished.

Notes
Turn   | Place    | Note
-------+----------+-------------------------------------------
     0 | D:1      | Duffy the Naga Gladiator began the quest for the Orb.
     0 | D:1      | Reached XP level 1. HP: 19/19 MP: 1/1
   537 | D:2      | You fall through a shaft for 2 floors!
   539 | D:4      | Noticed a phantom
   547 | D:4      | Slain by a phantom

Vault maps used:
D:1:      wander_arrival_lonely_grave, minmay_door_square, minmay_pentomino_z2
D:4:      fedhas_ov_isle_minmay, uniq_eustachio

Action                   || total
-------------------------++-------
Melee: War axe           ||    27
  Use: Scroll            ||     3
Armor: Leather armour    ||     7
Dodge: Dodged            ||    16

Table legend:
 A = Non-vault XP
 B = Vault XP
 C = Vault XP percentage of total XP
 D = Non-vault monster count
 E = Vault monster count
 F = Vault count percentage of total count
                 A         B        C        D         E       F
            +---------+---------+-------+---------+---------+-------
      Total |       9 |       0 |   0.0 |       6 |       0 |   0.0
            +---------+---------+-------+---------+---------+-------
        D:1 |       4 |       0 |   0.0 |       3 |       0 |   0.0
        D:2 |       5 |       0 |   0.0 |       3 |       0 |   0.0
            +---------+---------+-------+---------+---------+-------
